 Dungeon Crawl Stone Soup version 0.31-a0-263-ge8cad7f256 (webtiles) character file.

Game seed: 10322857846561256278

59 qw the Shooter (level 4, -1/26 HPs)
             Began as a Gargoyle Hexslinger on July 13, 2023.
             Slain by a gnoll
             ... wielding a +0 spear
              (4 damage)
             ... on level 2 of the Dungeon.
             The game lasted 00:00:28 (1258 turns).

qw the Shooter (Gargoyle Hexslinger)                Turns: 1258, Time: 00:00:29

Health: -1/26      AC:  8    Str: 12    XL:     4   Next: 3%
Magic:  5/5        EV: 10    Int: 13    God:
Gold:   84         SH:  0    Dex: 14    Spells: 4/5 levels left

rFire   . . .        Y - +1 sling
rCold   . . .        (no shield)
rNeg    + . .        h - +0 ring mail
rPois   inf          (no helmet)
rElec   +            (no cloak)
rCorr   .            (no gloves)
SInv    .            (no boots)
Will    .....        (no amulet)
Stlth   +            (no ring)
HPRegen 0.24/turn    (no ring)
MPRegen 0.09/turn

%: no passive effects
@: no status effects
A: sickness immunity, AC +3, negative energy resistance 1, electricity
resistance, torment resistance 1, petrification resistance
a: no special abilities


You were on level 2 of the Dungeon.
You visited 1 branch of the dungeon, and saw 2 of its levels.

You collected 84 gold pieces.


Innate Abilities, Weirdness & Mutations

You are immune to sickness and miasma.
Your stone body is resilient. (AC +3)
You are immune to poison.
You resist negative energy. (rN+)
You are resistant to electric shocks. (rElec)
You are resistant to unholy torment.
You are immune to petrification.


   Skills:
 - Level 2.0 Fighting
 + Level 3.8 Ranged Weapons
 - Level 1.5 Dodging
 - Level 1.0 Spellcasting
 - Level 2.6 Hexes


You had 4 spell levels left.
You knew the following spells:

 Your Spells              Type           Power      Damage    Failure   Level
a - Slow                  Hex            28%        N/A       22%         1

Your spell library contained the following spells:

 Spells                   Type           Power      Damage    Failure   Level
 Inner Flame              Hex/Fire       4%         N/A       73%         3
 Portal Projectile        Hex/Tloc       8%         N/A       73%         3
 Cause Fear               Hex            3%         N/A       91%         4

Inventory:

Hand Weapons
 Y - a +1 sling (weapon)
Armour
 h - a +0 ring mail (worn)
Scrolls
 a - a scroll of identify {unknown}
 c - a scroll of amnesia {unknown}
 d - a scroll of brand weapon {unknown}
 f - a scroll of fear {unknown}
Potions
 b - a potion of curing {unknown}
 e - a potion of enlightenment {unknown}
 i - a potion of heal wounds {unknown}
 j - a potion of resistance {unknown}

Dungeon Overview and Level Annotations

Branches:
Dungeon (2/15)

Altars:

Shops:
D:1 [


Message History

The gnoll is heavily wounded.
The gnoll completely misses you.
You shoot a sling bullet. The sling bullet hits the jackal.
The jackal is heavily wounded.
The gnoll hits you but does no damage. The jackal bites you.
The gnoll barely misses you. The jackal bites you.
You shoot a sling bullet.
The sling bullet closely misses the jackal.
The sling bullet hits the jackal.
The jackal is lightly wounded.
The gnoll hits you but does no damage.
You shoot a sling bullet. The sling bullet hits the jackal.
The jackal is moderately wounded.
The jackal bites you but does no damage.
The gnoll barely misses you.
The jackal bites you but does no damage.
The gnoll hits you from afar with a +0 spear!
You shoot a sling bullet. The sling bullet hits the jackal.
You kill the jackal!
The jackal closely misses you. The gnoll hits you but does no damage.
You shoot a sling bullet.
The sling bullet closely misses the jackal. x2
The sling bullet misses the frilled lizard.
The jackal bites you but does no damage.
The gnoll hits you from afar with a +0 spear.
The jackal bites you but does no damage.
You shoot a sling bullet. The sling bullet hits the jackal.
The jackal is almost dead.
The jackal bites you but does no damage.
The gnoll hits you but does no damage.
The jackal bites you but does no damage.
The gnoll hits you from afar with a +0 spear.
You shoot a sling bullet.
The sling bullet closely misses the jackal.
The sling bullet hits the jackal.
The jackal is almost dead.
The jackal barely misses you.
The jackal bites you but does no damage.
The gnoll hits you from afar with a +0 spear.
You die...

...##.# #.#.# ..###.#
#.#.# ...##.###.#.# .
............# .#
..######..#.## ..
...###...###.## .#
...%##..## ##.# ..
....##...###.#####K#.#.#
....+.....#.....@hhl....
....####...#######g#.#.#
...## ##..# .[ ..## ##.#
.# .## #.# # ### #.# ..#
#.# #.########.#
...........#


You could see a gnoll, 2 jackals, a kobold and a frilled lizard.

Vanquished Creatures
  An adder (D:2)
  A dart slug (D:1)
  4 bats
  7 endoplasms
  2 giant cockroaches (D:1)
  4 hobgoblins
  8 jackals
  5 ball pythons
  2 frilled lizards
  4 kobolds
  2 rats (D:1)
40 creatures vanquished.

Notes
Turn   | Place    | Note
-------+----------+-------------------------------------------
     0 | D:1      | qw the Gargoyle Hexslinger began the quest for the Orb.
     0 | D:1      | Reached XP level 1. HP: 12/12 MP: 2/2
     0 | D:1      | 0 ||| qw: Version: 0.3-a-52-g30416fa
     0 | D:1      | 0 ||| qw: Game counter: 7172
     0 | D:1      | 0 ||| qw: Melee chars always use a shield: true
     0 | D:1      | 0 ||| qw: God list: Okawaru
     0 | D:1      | 0 ||| qw: Allow faded altars: false
     0 | D:1      | 0 ||| qw: Do Orc after clearing Dungeon:15 true
     0 | D:1      | 0 ||| qw: Do second Lair branch before Depths: true
     0 | D:1      | 0 ||| qw: Lair rune preference: random
     0 | D:1      | 0 ||| qw: Goals: Normal
     0 | D:1      | 0 ||| PLANNING D:1-11
   224 | D:1      | Reached XP level 2. HP: 16/16 MP: 3/3
   364 | D:1      | Reached skill level 3 in Ranged Weapons
   368 | D:1      | Found Meut's Antique Armour Shoppe.
   373 | D:1      | 373 ||| SHOPLISTING dyed leather armour (130 gold, have
                  | 25).
   373 | D:1      | 373 ||| SHOPLISTING pair of faintly humming gloves (247
                  | gold, have 25).
   373 | D:1      | 373 ||| SHOPLISTING quicksilver dragon scales (1560 gold,
                  | have 25).
   373 | D:1      | 373 ||| SHOPLISTING ring mail (104 gold, have 25).
   546 | D:1      | Reached XP level 3. HP: 21/21 MP: 4/4
   796 | D:1      | 796 ||| UPGRADING to +0 leather armour.
   806 | D:1      | 806 ||| DROPPING +0 robe.
   807 | D:1      | 807 ||| UPGRADING to +0 ring mail.
   817 | D:1      | 817 ||| DROPPING +0 leather armour.
   818 | D:1      | 818 ||| READING scroll labelled MYSHUUL AKKA.
   819 | D:1      | 819 ||| READING scroll labelled ZOYMOCWA LIALY.
   820 | D:1      | 820 ||| DROPPING scroll of poison.
  1246 | D:2      | Reached XP level 4. HP: 26/26 MP: 5/5
  1254 | D:2      | HP: 6/26 [gnoll/+0 spear (8)]
  1257 | D:2      | HP: 2/26 [gnoll/+0 spear (2)]
  1258 | D:2      | Slain by a gnoll

Levels and vault maps discovered:
D:1:      dpeg_arrival_court, layout_basic, serial_shops, shop,
          minmay_pentomino_x2
D:2:      layout_loops_corners, skrybe_limestone_x, st_stairs_10, hex_medium,
          uniq_robin

Skill      XL: |  1  2 |
---------------+-------+-----
Ranged Weapons | 3 |  3.8
Fighting       | 2 |  2.0
Dodging        | |  1.5
Spellcasting   | |  1.0
Hexes          | |  2.6

Action                     |  1- 3 |  4- 6 || total
---------------------------+-------+-------++-------
   Fire: Sling             |   112 |    13 ||   125
    Use: Scroll            |     2 |       ||     2
 Armour: Robe              |    20 |       ||    20
         Ring mail         |    14 |    12 ||    26
  Dodge: Dodged            |    44 |     8 ||    52

Table legend:
 A = Non-vault XP
 B = Vault XP
 C = Vault XP percentage of total XP
 D = Non-vault monster count
 E = Vault monster count
 F = Vault count percentage of total count
                 A         B        C        D         E       F
            +---------+---------+-------+---------+---------+-------
      Total |      69 |      16 |  18.8 |      37 |       3 |   7.5
            +---------+---------+-------+---------+---------+-------
        D:1 |      46 |       3 |   6.1 |      25 |       2 |   7.4
        D:2 |      23 |      13 |  36.1 |      12 |       1 |   7.7
            +---------+---------+-------+---------+---------+-------
